 Dungeon Crawl Stone Soup version 0.21.1-1-g345015fe64 (webtiles) character file.

1582 FreshCat the Charmwright (level 8, 64/64 HPs)
             Began as a Gnoll Skald on Feb 8, 2018.
             Quit the game on level 6 of the Dungeon on Feb 14, 2018.
             The game lasted 00:34:19 (4858 turns).

FreshCat the Charmwright (Gnoll Skald)              Turns: 4858, Time: 00:34:19

Health: 64/64      AC:  5    Str: 17    XL:     8   Next: 92%
Magic:  17/17      EV: 15    Int: 15    God:
Gold:   270        SH:  5    Dex: 14    Spells: 2/19 levels left

rFire    . . .     SeeInvis .   q - +0 war axe
rCold    . . .     Gourm    .   u - +0 buckler
rNeg     . . .     Faith    .   A - +1 leather armour {rPois}
rPois    +         Spirit   .   (no helmet)
rElec    .         Reflect  .   x - +0 cloak
rCorr    .         Harm     .   (no gloves)
MR       .....                  (no boots)
Stlth    ++........             (no amulet)
HPRegen  0.20/turn              (no ring)
MPRegen  0.15/turn              (no ring)

@: no status effects
A: distributed training, fangs 1, strong nose
a: no special abilities


You were on level 6 of the Dungeon.
You were not hungry.

You visited 1 branch of the dungeon, and saw 6 of its levels.

You collected 270 gold pieces.

Inventory:

Hand Weapons
 a - a +0 hand axe
 q - a +0 war axe (weapon)
 v - a +1 spear of flaming
 w - a +3 quarterstaff of chaos
 z - a +0 shortbow
 C - a +0 dagger of venom
 D - a +2 whip of electrocution
Missiles
 n - 175 stones (quivered)
 t - 96 arrows
Armour
 o - a +0 shield
 u - a +0 buckler (worn)
 x - a +0 cloak (worn)
 A - a +1 leather armour of poison resistance (worn)
Wands
 F - a wand of iceblast (11)
Scrolls
 e - 5 scrolls of teleportation
 f - a scroll of immolation
 j - a scroll of magic mapping
 l - a scroll of identify
 m - a scroll of noise
 p - 9 scrolls of remove curse
 r - a scroll of blinking
 y - a scroll of fog {unknown}
Potions
 g - 3 potions of magic
 h - a potion of agility
 i - a potion of lignification {unknown}
 k - a potion of flight {unknown}
 s - a potion of heal wounds {unknown}
 E - a potion of might {unknown}
 G - a potion of brilliance {unknown}
Books
 c - a book of Battle

   Spells                             Type                      Level
   a - Infusion                       Charms                       1
   b - Shroud of Golubria             Charms/Translocation         2
   c - Song of Slaying                Charms                       2
   d - Spectral Weapon                Hexes/Charms                 3
   e - Regeneration                   Charms/Necromancy            3
 B - a book of Maledictions

   Spells                             Type                      Level
   a - Corona                         Hexes                        1
   b - Ensorcelled Hibernation        Hexes/Ice                    2
   c - Confuse                        Hexes                        3
   d - Tukima's Dance                 Hexes                        3
   e - Dazzling Spray                 Conjuration/Hexes            3
Comestibles
 b - 2 chunks of flesh
 d - 10 rations


   Skills:
 + Level 5.9 Fighting
 + Level 3.6 Short Blades
 + Level 3.6 Long Blades
 + Level 5.9 Axes
 + Level 3.6 Maces & Flails
 + Level 3.6 Polearms
 + Level 3.6 Staves
 + Level 3.6 Slings
 + Level 3.6 Bows
 + Level 3.6 Crossbows
 + Level 3.6 Throwing
 + Level 4.5 Armour
 + Level 5.9 Dodging
 + Level 3.6 Stealth
 + Level 3.6 Shields
 + Level 3.6 Unarmed Combat
 + Level 6.2 Spellcasting
 + Level 3.0 Conjurations
 + Level 3.0 Hexes
 + Level 6.2 Charms
 + Level 3.0 Summonings
 + Level 3.0 Necromancy
 + Level 3.0 Translocations
 + Level 3.0 Transmutations
 + Level 3.0 Fire Magic
 + Level 3.0 Ice Magic
 + Level 3.0 Air Magic
 + Level 3.0 Earth Magic
 + Level 3.0 Poison Magic
 + Level 4.0 Invocations
 + Level 3.6 Evocations


You had 2 spell levels left.
You knew the following spells:

 Your Spells              Type           Power        Failure   Level  Hunger
a - Infusion              Chrm           ###.         1%          1    None
b - Shroud of Golubria    Chrm/Tloc      ###.......   4%          2    #......
c - Spectral Weapon       Hex/Chrm       ###.....     8%          3    ##.....
d - Regeneration          Chrm/Necr      ###.......   8%          3    ##.....
e - Song of Slaying       Chrm           ###.....     1%          2    #......
f - Corona                Hex            ##.....      4%          1    None
g - Ensorcelled Hibernat  Hex/Ice        ##....       8%          2    #......
h - Tukima's Dance        Hex            ##......     16%         3    ##.....


Dungeon Overview and Level Annotations

Branches:
Dungeon (6/15)
 Temple: D:4-7

Altars:
Dithmenos
Nemelex Xobeh
Xom

Annotations:
D:6 Edmund


Innate Abilities, Weirdness & Mutations

Your experience applies equally to all skills.
You have very sharp teeth.
Your uncanny sense of smell can sniff out nearby items.


Message History

b - 6 chunks of flesh (gained 2)
Found 8 gold pieces.
You now have 270 gold pieces (gained 8).
Some of the chunks of flesh in your inventory have rotted away.
Found an escape hatch in the floor.
Found a tapered ivory wand.
Found an escape hatch in the ceiling.
F - a wand of iceblast (11)
Found a metallic cyan potion.
An adder comes into view.
G - a metallic cyan potion
As you read the scroll of identify, it crumbles to dust.
m - a scroll of noise Saving game... please wait.
Level annotation: Edmund Welcome back, FreshCat the Gnoll Skald.
Press ? for a list of commands and other information.
Wield which item (- for none, * to show all)? (? for menu, Esc to quit)
Okay, then.
Are you sure you want to abandon this character and quit the game? (Confirm with "yes".)

###....## #.......##
##...#...####....###
##..##.>....#######
##..##........###
#..##...........###
.####........#....##
##
#........####...###
# #........#
##.....###
#.......##
#.@......# #.......#
#.....#....
#....<.## #......#
..S ########
######## ##


There were no monsters in sight!

Vanquished Creatures
  Pikel (D:5)
  A hippogriff (D:4)
  An ogre (D:6)
  A slave (D:5)
  A phantom (D:4)
  A centaur (D:5)
  Blork the orc (D:4)
  2 bullfrogs
  A scorpion (D:4)
  A howler monkey (D:4)
  2 hounds
  Crazy Yiuf (D:4)
  A bullfrog skeleton (D:5)
  An orc priest (D:3)
  An iguana (D:5)
  An orc wizard (D:5)
  A worker ant (D:5)
  2 killer bee zombies
  5 adders
  2 oozes (D:1)
  An adder skeleton (D:4)
  6 dart slugs
  2 leopard geckos (D:1)
  12 orcs
  2 ball pythons
  3 giant cockroaches
  8 goblins
  6 hobgoblins
  3 jackals (D:5)
  4 kobolds
  A quokka (D:5)
  11 bats
  5 frilled lizards
  A quokka skeleton (D:4)
  6 rats
99 creatures vanquished.

Vanquished Creatures (others)
  2 orcs (D:5)
  A spectral weapon (D:4)
3 creatures vanquished.

Grand Total: 102 creatures vanquished

Notes
Turn   | Place    | Note
-------+----------+-------------------------------------------
     0 | D:1      | FreshCat the Gnoll Skald began the quest for the Orb.
     0 | D:1      | Reached XP level 1. HP: 20/20 MP: 6/6
    57 | D:1      | Reached XP level 2. HP: 21/26 MP: 2/7
    61 | D:1      | Learned a level 2 spell: Shroud of Golubria
   393 | D:1      | Reached XP level 3. HP: 25/31 MP: 9/9
   428 | D:1      | Reached skill level 5 in Spellcasting
   889 | D:2      | Reached skill level 1 in Invocations
   904 | D:2      | Learned a level 3 spell: Spectral Weapon
   908 | D:2      | Learned a level 3 spell: Regeneration
   932 | D:3      | Found a shadowy altar of Dithmenos.
   957 | D:2      | Reached skill level 1 in Short Blades
   957 | D:2      | Reached skill level 1 in Long Blades
   957 | D:2      | Reached skill level 1 in Maces & Flails
   957 | D:2      | Reached skill level 1 in Polearms
   957 | D:2      | Reached skill level 1 in Staves
   957 | D:2      | Reached skill level 1 in Slings
   957 | D:2      | Reached skill level 1 in Bows
   957 | D:2      | Reached skill level 1 in Crossbows
   957 | D:2      | Reached skill level 1 in Throwing
   957 | D:2      | Reached skill level 1 in Stealth
   957 | D:2      | Reached skill level 1 in Shields
   957 | D:2      | Reached skill level 1 in Unarmed Combat
   957 | D:2      | Reached skill level 1 in Evocations
   985 | D:2      | Reached XP level 4. HP: 32/38 MP: 11/11
   992 | D:2      | Learned a level 2 spell: Song of Slaying
  1377 | D:2      | Found a shimmering altar of Xom.
  1737 | D:3      | Reached skill level 1 in Conjurations
  1737 | D:3      | Reached skill level 1 in Hexes
  1737 | D:3      | Reached skill level 1 in Summonings
  1737 | D:3      | Reached skill level 1 in Necromancy
  1737 | D:3      | Reached skill level 1 in Translocations
  1737 | D:3      | Reached skill level 1 in Transmutations
  1737 | D:3      | Reached skill level 1 in Fire Magic
  1737 | D:3      | Reached skill level 1 in Ice Magic
  1737 | D:3      | Reached skill level 1 in Air Magic
  1737 | D:3      | Reached skill level 1 in Earth Magic
  1737 | D:3      | Reached skill level 1 in Poison Magic
  1753 | D:3      | Reached XP level 5. HP: 35/43 MP: 12/12
  2455 | D:5      | Entered Level 5 of the Dungeon
  2495 | D:4      | Found a sparkling altar of Nemelex Xobeh.
  2505 | D:4      | Noticed a hippogriff
  2521 | D:4      | Killed a hippogriff
  2521 | D:4      | Reached skill level 5 in Fighting
  2521 | D:4      | Reached skill level 5 in Axes
  2521 | D:4      | Reached skill level 5 in Dodging
  2521 | D:4      | Reached XP level 6. HP: 16/51 MP: 0/14
  2647 | D:4      | Reached XP level 7. HP: 40/56 MP: 11/15
  2784 | D:4      | Found a runed door.
  2788 | D:4      | Noticed Crazy Yiuf
  2795 | D:4      | Killed Crazy Yiuf
  3219 | D:4      | Noticed Blork the orc
  3230 | D:4      | Killed Blork the orc
  4002 | D:5      | Learned a level 1 spell: Corona
  4005 | D:5      | Learned a level 2 spell: Ensorcelled Hibernation
  4032 | D:6      | Noticed Edmund
  4041 | D:5      | Reached XP level 8. HP: 55/63 MP: 10/16
  4138 | D:5      | Noticed Pikel
  4151 | D:5      | Killed Pikel
  4579 | D:5      | Learned a level 3 spell: Tukima's Dance
  4858 | D:6      | Quit the game

Skill      XL: |  1  2  3  4  5  6  7  8 |
---------------+-------------------------+-----
Spellcasting   | 5 6 |  6.2
Invocations    | 1 2 3 4 |  4.0
Short Blades   | 1 2 3 |  3.6
Long Blades    | 1 2 3 |  3.6
Maces & Flails | 1 2 3 |  3.6
Polearms       | 1 2 3 |  3.6
Staves         | 1 2 3 |  3.6
Slings         | 1 2 3 |  3.6
Bows           | 1 2 3 |  3.6
Crossbows      | 1 2 3 |  3.6
Throwing       | 1 2 3 |  3.6
Stealth        | 1 2 3 |  3.6
Shields        | 1 2 3 |  3.6
Unarmed Combat | 1 2 3 |  3.6
Evocations     | 1 2 3 |  3.6
Conjurations   | 1 2 3 |  3.0
Hexes          | 1 2 3 |  3.0
Summonings     | 1 2 3 |  3.0
Necromancy     | 1 2 3 |  3.0
Translocations | 1 2 3 |  3.0
Transmutations | 1 2 3 |  3.0
Fire Magic     | 1 2 3 |  3.0
Ice Magic      | 1 2 3 |  3.0
Air Magic      | 1 2 3 |  3.0
Earth Magic    | 1 2 3 |  3.0
Poison Magic   | 1 2 3 |  3.0
Armour         | 3 4 |  4.5
Fighting       | 5 |  5.9
Axes           | 5 |  5.9
Dodging        | 5 |  5.9
Charms         | 6 |  6.2

Action                   |  1- 3 |  4- 6 |  7- 9 || total
-------------------------+-------+-------+-------++-------
Melee: Hand axe          |    92 |    80 |       ||   172
       Bite              |     5 |    12 |    14 ||    31
       War axe           |       |    56 |   141 ||   197
Throw: Stone             |       |       |     8 ||     8
 Cast: Infusion          |     6 |     5 |    10 ||    21
       Shroud of Golubri |     2 |     5 |    11 ||    18
       Regeneration      |       |     1 |     2 ||     3
       Spectral Weapon   |       |       |     5 ||     5
       Tukima's Dance    |       |       |     1 ||     1
       Corona            |       |       |     1 ||     1
       Song of Slaying   |       |       |     1 ||     1
  Use: Scroll            |     1 |     1 |     7 ||     9
       Potion            |       |     3 |     1 ||     4
 Stab: Sleeping          |       |     1 |     3 ||     4
  Eat: Chunk             |       |     4 |     3 ||     7
       Ration            |       |     1 |     1 ||     2
Armor: Leather armour    |    20 |    26 |    27 ||    73
Dodge: Dodged            |    72 |   123 |   111 ||   306
Block: Buckler           |       |     9 |    29 ||    38
